 Dungeon Crawl Stone Soup version 0.31.0-32-g396128a36d (webtiles) character file.

Game seed: 10485903791494084525

2860 NotreDorf the Thaumaturge (level 9, -4/45 HPs)
             Began as a Deep Elf Hedge Wizard on Mar 25, 2024.
             Was a Follower of Sif Muna.
             Slain by a death yak (31 damage)
             ... on level 8 of the Dungeon.
             The game lasted 00:34:55 (7951 turns).

NotreDorf the Thaumaturge (Deep Elf Hedge Wizard)   Turns: 7951, Time: 00:34:58

Health: -4/45      AC:  7    Str:  7    XL:     9   Next: 47%
Magic:  14/23      EV: 18    Int: 24    God:    Sif Muna [*.....]
Gold:   397        SH:  0    Dex: 26    Spells: 10/24 levels left

rFire   . . .        u - +4 quarterstaff (chaos)
rCold   . . .        (shield currently unavailable)
rNeg    . . .        b - +0 robe
rPois   .            C - +2 hat
rElec   .            v - +2 cloak
rCorr   .            (no gloves)
SInv    .            (no boots)
Will    .....        (no amulet)
Stlth   +++          p - +6 ring of dexterity
HPRegen 0.27/turn    B - +6 ring of dexterity
MPRegen 0.18/turn

%: no passive effects
@: no status effects
A: no striking features
a: Renounce Religion, Channel Magic


You were on level 8 of the Dungeon.
You worshipped Sif Muna.
Sif Muna was aware of your devotion.
You visited 1 branch of the dungeon, and saw 8 of its levels.
You also visited: Sewer.

You collected 410 gold pieces.
You spent 13 gold pieces at shops.

Inventory:

Hand Weapons
 c - the +5 woodcutter's axe
   (You found it on level 7 of the Dungeon)
 u - a +4 quarterstaff of chaos (weapon)
Missiles
 n - 3 throwing nets
Armour
 b - a +0 robe (worn)
 v - a +2 cloak (worn)
 C - a +2 hat (worn)
Magical Staves
 f - a staff of alchemy
Jewellery
 p - a +6 ring of dexterity (left hand)
 B - a +6 ring of dexterity (right hand)
Wands
 i - a wand of charming (6)
 r - a wand of flame (17)
Scrolls
 a - a scroll of vulnerability
 d - 3 scrolls of fear
 g - 3 scrolls of teleportation
 j - a scroll of torment
 y - a scroll of fog
Potions
 e - 3 potions of lignification
 h - 2 potions of brilliance
 k - 2 potions of heal wounds
 l - 2 potions of attraction
 m - 2 potions of mutation
 o - 2 potions of berserk rage
 q - a potion of ambrosia {unknown}
 s - 6 potions of curing
 x - a potion of might {unknown}
 z - 2 potions of resistance
 A - 2 potions of cancellation {unknown}


   Skills:
 + Level 4.8 Staves
 + Level 7.0 Dodging
 - Level 4.5 Stealth
 + Level 8.3 Spellcasting
 + Level 6.1 Conjurations
 - Level 1.1 Summonings
 - Level 1.1 Translocations
 + Level 1.4 Ice Magic
 + Level 4.7 Alchemy
 + Level 5.1 Evocations


You had 10 spell levels left.
You knew the following spells:

 Your Spells              Type           Power      Damage    Failure   Level
a - Magic Dart            Conj           100%       1d8       1%          1
b - Blink                 Tloc           30%        N/A       6%          2
c - Call Imp              Summ           30%        N/A       6%          2
d - Mephitic Cloud        Conj/Alch/Air  27%        N/A       4%          3
e - Hailstorm             Conj/Ice       28%        3d8       4%          3
f - Frozen Ramparts       Ice            32%        1d5       11%         3

Your spell library contained the following spells:

 Spells                   Type           Power      Damage    Failure   Level
 Kiss of Death            Conj/Necr      96%        2d12      1%          1
 Freeze                   Ice            64%        1d7       3%          1
 Cigotuvi's Dreadful Rot  Necr/Alch/Air  34%        N/A       4%          2
 Slow                     Hex            40%        N/A       6%          1
 Confusing Touch          Hex            10%        N/A       19%         3
 Dispel Undead            Necr           10%        3d9       52%         4


Dungeon Overview and Level Annotations

Branches:
Dungeon (8/15)             Temple (0/1) D:5           Sewer (visited)
   Lair: D:8-11

Altars:
Ashenzari
Fedhas
Hepliaklqana
Makhleb
Okawaru
Qazlal
Sif Muna
Uskayaw
Vehumet
Xom

Shops:
D:1 =   D:3 !   D:5 =*


Message History

A quokka comes into view.
A death yak comes into view.
The rat twitches its whiskers.
The river rat twitches its whiskers.
The death yak completely misses you.
The death yak is engulfed in noxious fumes.
Casting: Magic Dart (safe; 1% risk of failure)
Confirm with . or Enter, or press ? or * to list all spells.
Aiming: Mephitic Cloud (dangerous; 4% risk of failure)
Press: ? - help, Shift-Dir - straight line, p - death yak The ball explodes into a vile cloud!
The stinking cloud engulfs the death yak.
The death yak is lightly wounded.
The death yak bellows!
You hear a deafening roar!
You hear an angry buzzing noise. x2
The death yak barely misses you.
You hit the death yak but do no damage.
The death yak is lightly wounded.
A hell rat comes into view.
The death yak gores you.
You hit the death yak.
The death yak suddenly seems more resistant.
The death yak is lightly wounded.
The death yak gores you!
You sock the death yak!
The death yak seems to grow stronger.
The death yak is moderately wounded.
The death yak seems less confused.
The river rat is engulfed in noxious fumes.
The death yak completely misses you.
You hit the death yak but do no damage.
The death yak is moderately wounded.
The death yak is engulfed in noxious fumes.
The river rat is engulfed in noxious fumes.
The river rat appears confused.
The river rat bites the quokka.
The quokka is killed!
Sif Muna accepts your kill.
The river rat bites itself!
The river rat is killed!
Sif Muna accepts your kill. The death yak gores you!!
Ouch! That really hurt!
You die...

# #. ####.###
#.....@#
#.##○Y§#
...Y.§○
#...§°..☼.
#.#...r○...
#....#r○Y...
#....#.......
#.........####


You could see 3 death yaks, a hell rat and a rat.

Vanquished Creatures
  Pikel (D:6)
  Prince Ribbit (D:6)
  Sigmund (D:5)
  Eustachio (D:5)
  Menkaure (D:5)
  Duvessa (D:5)
  An orc warrior (D:7)
  2 centaurs (D:7)
  A lemure (D:6)
  A phantom (D:5)
  A kobold brigand (D:7)
  4 scorpions
  A gnoll sergeant (D:7)
  Dowan (D:5)
  6 hounds
  A jelly (D:6)
  3 bombardier beetles
  A gnoll bouda (D:7)
  An orc priest (D:4)
  An iguana (D:6)
  Crazy Yiuf (D:2)
  A hell rat (Sewer)
  5 orc wizards
  12 gnolls
  8 adders
  8 river rats
  A white imp (D:5)
  A dart slug (D:4)
  2 ribbon worms
  25 orcs
  13 ball pythons
  7 bats
  10 endoplasms
  2 giant cockroaches (D:3)
  9 goblins
  5 hobgoblins
  6 jackals
  5 quokkas
  5 frilled lizards
  13 kobolds
  12 rats
182 creatures vanquished.

Vanquished Creatures (collateral kills)
  A jackal (D:1)
1 creature vanquished.

Grand Total: 183 creatures vanquished

Notes
Turn   | Place    | Note
-------+----------+-------------------------------------------
     0 | D:1      | NotreDorf the Deep Elf Hedge Wizard began the quest for the
                  | Orb.
     0 | D:1      | Reached XP level 1. HP: 10/10 MP: 7/7
   143 | D:1      | Reached XP level 2. HP: 3/15 MP: 0/9
   244 | D:1      | Learned a level 2 spell: Blink
   247 | D:1      | Learned a level 2 spell: Call Imp
   521 | D:1      | Reached XP level 3. HP: 19/19 MP: 6/11
   525 | D:1      | Learned a level 3 spell: Mephitic Cloud
   710 | D:1      | Found Ruabac's Jewellery Shop.
  1775 | D:2      | Reached skill level 5 in Spellcasting
  2001 | D:2      | Reached XP level 4. HP: 24/24 MP: 10/13
  2146 | D:2      | Found a runed translucent door.
  2147 | D:2      | Noticed Crazy Yiuf
  2263 | D:2      | Killed Crazy Yiuf
  2980 | D:3      | Found a glowing drain.
  2990 | D:3      | Reached XP level 5. HP: 24/28 MP: 12/14
  3000 | Sewer    | Entered a sewer
  3022 | Sewer    | Reached skill level 1 in Staves
  3102 | Sewer    | Reached skill level 1 in Evocations
  3406 | D:3      | Found a burning altar of Makhleb.
  3535 | D:3      | Found Ysudado's Distillery.
  3546 | D:3      | Bought a potion of degeneration for 13 gold pieces
  3914 | D:4      | Reached XP level 6. HP: 32/32 MP: 3/16
  4403 | D:4      | Reached skill level 1 in Alchemy
  4679 | D:5      | Entered Level 5 of the Dungeon
  4697 | D:5      | Noticed Menkaure
  4706 | D:5      | Killed Menkaure
  4707 | D:5      | Reached skill level 6 in Spellcasting
  4707 | D:5      | Reached XP level 7. HP: 36/36 MP: 11/18
  4755 | D:5      | Found Fap Oxith's Jewellery Shop.
  4755 | D:5      | Found Syroklao's Assorted Antiques.
  4974 | D:5      | Noticed Sigmund
  4983 | D:5      | Killed Sigmund
  4984 | D:5      | Reached skill level 5 in Dodging
  5023 | D:5      | Noticed Duvessa
  5023 | D:5      | Noticed Dowan
  5027 | D:5      | Noticed Eustachio
  5030 | D:5      | Killed Dowan
  5034 | D:5      | Killed Duvessa
  5053 | D:5      | Reached XP level 8. HP: 34/41 MP: 10/20
  5063 | D:5      | Killed Eustachio
  5191 | D:5      | Found a broken altar of Ashenzari.
  5201 | D:5      | Found an iron altar of Okawaru.
  5202 | D:5      | Found a shimmering blue altar of Sif Muna.
  5202 | D:5      | Found a hazy altar of Hepliaklqana.
  5202 | D:5      | Found a hide-covered altar of Uskayaw.
  5203 | D:5      | Found a blossoming altar of Fedhas.
  5204 | D:5      | Found a stormy altar of Qazlal.
  5206 | D:5      | Became a worshipper of Sif Muna the Loreminder
  5208 | D:5      | Found a shimmering altar of Xom.
  5210 | D:5      | Found a radiant altar of Vehumet.
  5254 | D:5      | Reached skill level 7 in Spellcasting
  5339 | D:5      | Found a staircase to the Ecumenical Temple.
  6143 | D:6      | Reached skill level 5 in Conjurations
  6213 | D:6      | Noticed Pikel
  6228 | D:6      | Killed Pikel
  6413 | D:6      | Reached XP level 9. HP: 44/45 MP: 14/22
  6426 | D:6      | Noticed Prince Ribbit
  6449 | D:6      | Killed Prince Ribbit
  6450 | D:6      | Reached skill level 8 in Spellcasting
  6722 | D:6      | Reached * piety under Sif Muna
  7158 | D:6      | Learned a level 3 spell: Hailstorm
  7162 | D:6      | Learned a level 3 spell: Frozen Ramparts
  7609 | D:7      | Reached skill level 1 in Ice Magic
  7609 | D:7      | Reached skill level 5 in Evocations
  7704 | D:7      | Found the +5 woodcutter's axe
  7940 | D:8      | Noticed a death yak
  7940 | D:8      | Noticed a death yak
  7946 | D:8      | Noticed a death yak
  7951 | D:8      | Slain by a death yak

Illustrated notes

Levels and vault maps discovered:
D:1:      sevenhm_arrival_forest_fort_large_4, layout_loops_cross, serial_shops,
          shop
D:2:      layout_rooms, item_on_display_a, uniq_crazy_yiuf_cottage
D:3:      layout_loops_ring, lightli_temple_of_fire, portal_sewer_entry_c,
          serial_shops, nicolae_shop_peninsula
D:4:      layout_gridville
D:5:      layout_loops_ring, minitemple, minmay_temple_entry_mist,
          grunt_decor_arrowhead, nicolae_wooded_promenade,
          kennysheep_generic_room_2, uniq_eustachio, uniq_duvessa, uniq_sigmund,
          uniq_menkaure
D:6:      layout_layer_cave, uniq_prince_ribbit1, uniq_pikel
D:7:      layout_basic
D:8:      layout_loops_cross, dpeg_lair_monsters, uniq_maggie, uniq_maurice,
          uniq_gastronok

Skill      XL: |  1  2  3  4  5  6  7  8  9 |
---------------+----------------------------+-----
Stealth        | 3 4 |  4.5
Dodging        | 3 4 5 6 7 |  7.0
Conjurations   | 2 3 4 5 6 |  6.1
Spellcasting   | 5 6 7 8 |  8.3
Staves         | 1 2 3 4 |  4.8
Evocations     | 1 2 3 4 5 |  5.1
Alchemy        | 1 2 4 |  4.7
Ice Magic      | 1 |  1.4
Summonings     | |  1.1
Translocations | |  1.1

Action                     |  1- 3 |  4- 6 |  7- 9 || total
---------------------------+-------+-------+-------++-------
  Melee: Dagger            |     9 |       |       ||     9
         Short sword       |    14 |     4 |       ||    18
         Quarterstaff      |       |    68 |    99 ||   167
   Cast: Magic Dart        |   102 |   121 |   176 ||   399
         Call Imp          |     1 |     1 |     2 ||     4
         Blink             |     1 |     1 |       ||     2
         Mephitic Cloud    |       |     3 |    15 ||    18
    Use: Scroll            |       |    16 |     7 ||    23
         Potion            |       |       |     2 ||     2
   Stab: Confused          |       |       |     6 ||     6
 Armour: Robe              |    14 |    39 |    60 ||   113
  Dodge: Dodged            |    21 |    76 |    71 ||   168
